 Dungeon Crawl Stone Soup version 0.25-a0-424-g80bd347ae0 (webtiles) character file.

Game seed: 1135325659861111715, levelgen mode: deterministic

539 Gargoyl the Chopper (level 7, -1/87 HPs)
             Began as a Centaur Abyssal Knight on Jan 23, 2020.
             Was a Priest of Lugonu.
             Slain by a bullfrog skeleton (2 damage)
             ... on level 5 of the Dungeon.
             The game lasted 00:06:56 (4384 turns).

Gargoyl the Chopper (Centaur Abyssal Knight)        Turns: 4384, Time: 00:06:57

Health: -1/87      AC:  9    Str: 20    XL:     7   Next: 5%
Magic:  9/9        EV:  8    Int: 11    God:    Lugonu [***...]
Gold:   249        SH:  3    Dex: 10    Spells: 6/6 levels left

rFire    . . .     SeeInvis +   p - +3 war axe
rCold    . . .     Gourm    .   j - +0 buckler
rNeg     . . .     Faith    .   h - +0 ring mail
rPois    .         Spirit   .   n - +2 helmet
rElec    .         Reflect  .   (no cloak)
rCorr    .         Harm     .   (no gloves)
MR       .....                  (no barding)
Stlth    ..........             b - amulet of magic regeneration
HPRegen  0.24/turn              f - ring of see invisible
MPRegen  0.36/turn              (no ring)

@: berserking, very quick
A: large, hooves 3, deformed body, speed 2, tough skin 3
a: Depart the Abyss, Bend Space, Banish, Renounce Religion


You were on level 5 of the Dungeon.
You worshipped Lugonu.
Lugonu was most pleased with you.
You were not hungry.

You visited 1 branch of the dungeon, and saw 5 of its levels.
You visited the Abyss 1 time.
You also visited: Sewer.

You collected 249 gold pieces.

Inventory:

Hand Weapons
 a - a +3 hand axe
 p - a +3 war axe (weapon)
Armour
 h - a +0 ring mail (worn)
 j - a +0 buckler (worn)
 n - a +2 helmet (worn)
Jewellery
 b - an amulet of magic regeneration (around neck)
 f - a ring of see invisible (left hand)
Scrolls
 e - a scroll of teleportation
 i - a scroll of fog
Potions
 d - a potion of degeneration {unknown}
 g - a potion of invisibility
 k - a potion of lignification {unknown}
 l - a potion of mutation {unknown}
 m - a potion of berserk rage
Comestibles
 c - 9 rations
 o - 3 chunks of flesh


   Skills:
 + Level 3.9 Fighting
 + Level 4.3 Axes
 * Level 3.1 Armour
 * Level 1.9 Dodging
 + Level 0.6 Shields
 * Level 3.2 Invocations


You had 6 spell levels left.
You didn't know any spells.
Your spell library was empty.

Dungeon Overview and Level Annotations

Branches:
Dungeon (5/15)              Sewer (visited)
 Temple: D:4-7

Altars:
Dithmenos
Fedhas
Kikubaaqudgha
Nemelex Xobeh
Okawaru
Uskayaw
Wu Jian
Xom


Innate Abilities, Weirdness & Mutations

You have hooves in place of feet.
Armour fits poorly on your strangely shaped body.
You cover ground very quickly.
You have extremely tough skin. (AC +3)


Message History

The magic dart hits you.
* * * LOW HITPOINT WARNING * * *
You bump into the rock wall.
You feel less confused. The bullfrog skeleton hits you.
* * * LOW HITPOINT WARNING * * *
You block the orc wizard's attack.
The orc wizard points at you and mumbles some strange words.
The magic dart hits you.
* * * LOW HITPOINT WARNING * * *
The bullfrog skeleton hits you.
* * * LOW HITPOINT WARNING * * *
It was a potion of berserk rage.
A red film seems to cover your vision as you go berserk!
You feel yourself moving faster!
You feel mighty! The orc wizard casts a spell at you.
The puff of flame hits you!
* * * LOW HITPOINT WARNING * * *
The bullfrog skeleton hits you.
You die...

####### #.....#
#..)[.#######
#..oZ.......#
#..@o.......#
#####.......#..
#..<.......
#..h.......
####(....#.
....... ###.(..
##o. .


You could see a howler monkey, 2 orc wizards and a bullfrog skeleton.

Vanquished Creatures
  2 bullfrogs (Sewer)
  A howler monkey (D:4)
  A centaur zombie (D:5)
  A hound (D:4)
  A jelly (D:5)
  An orc wizard (D:4)
  Robin (D:2)
  4 gnolls (D:3)
  2 river rats (D:3)
  7 adders
  2 oozes
  3 worms
  A dart slug (D:1)
  7 leopard geckos
  5 orcs
  6 bats
  8 giant cockroaches
  8 hobgoblins
  2 jackals (D:1)
  3 ball pythons (Sewer)
  11 frilled lizards
  12 goblins
  10 kobolds
  12 rats
111 creatures vanquished.

Vanquished Creatures (others)
  2 goblins (D:2)
2 creatures vanquished.

Grand Total: 113 creatures vanquished

Notes
Turn   | Place    | Note
-------+----------+-------------------------------------------
     0 | Abyss:1  | Gargoyl the Centaur Abyssal Knight began the quest for the
                  | Orb.
     0 | Abyss:1  | Reached XP level 1. HP: 19/19 MP: 2/2
   141 | Abyss:3  | Noticed a flayed ghost
   141 | Abyss:3  | Noticed a wraith
   161 | Abyss:3  | Noticed a starcursed mass
   163 | Abyss:3  | Noticed a jelly
   181 | Abyss:3  | Noticed an ancient zyme
   194 | Abyss:3  | Noticed a large abomination
   211 | D:1      | Escaped the Abyss
   349 | D:1      | Reached XP level 2. HP: 6/26 MP: 3/3
   914 | D:1      | Reached skill level 2 in Axes
   924 | D:1      | Reached * piety under Lugonu
   924 | D:1      | Reached skill level 1 in Dodging
   975 | D:1      | Reached XP level 3. HP: 31/31 MP: 4/4
  1512 | D:2      | Reached XP level 4. HP: 24/38 MP: 5/5
  1758 | D:2      | Reached ** piety under Lugonu
  2471 | D:2      | Noticed Robin
  2481 | D:2      | Killed Robin
  2656 | D:3      | Reached skill level 3 in Axes
  2656 | D:3      | Reached XP level 5. HP: 27/45 MP: 6/6
  2662 | D:3      | Found a hide-covered altar of Uskayaw.
  2662 | D:3      | Noticed a +0 dagger
  2663 | D:3      | Noticed a +0 hand axe
  2802 | D:3      | Found an ancient bone altar of Kikubaaqudgha.
  2894 | D:3      | Found a shadowy altar of Dithmenos.
  3042 | D:3      | Found a glowing drain.
  3049 | Sewer    | Entered a sewer
  3378 | Sewer    | Reached *** piety under Lugonu
  3469 | Sewer    | Reached XP level 6. HP: 42/52 MP: 8/8
  3559 | Sewer    | Reached skill level 4 in Axes
  4016 | D:3      | Found a sparkling altar of Nemelex Xobeh.
  4024 | D:3      | Found a blossoming altar of Fedhas.
  4024 | D:3      | Found a shimmering altar of Xom.
  4024 | D:3      | Found an ornate altar of the Wu Jian Council.
  4025 | D:3      | Found an iron altar of Okawaru.
  4356 | D:5      | Entered Level 5 of the Dungeon
  4369 | D:5      | Reached XP level 7. HP: 33/58 MP: 9/9
  4384 | D:5      | HP: 1/87 [orc wizard/puff of flame (9)]
  4384 | D:5      | Slain by a bullfrog skeleton

Levels and vault maps discovered:
D:1:      minmay_arrival_nine_rooms, layout_loops_cross
D:2:      layout_loops_ring, minmay_pentomino_p4, uniq_robin
D:3:      layout_loops_ring, kiku_gazebo_pond_becter, dancing_weapons_uskayaw,
          nicolae_dithmenos_shadow_blocks, minitemple,
          lightli_sewer_entry_pipes, chequers_serial_rivers_micro_c,
          minmay_misc_feat_five, wander_ebering_terrifying_dragon_lair
D:4:      layout_gridville, overflow_temple_1_default
D:5:      cheibrodos_quashed, layout_basic, overflow_temple_1_default,
          first_ration

Skill      XL: |  1  2  3  4  5  6 |
---------------+-------------------+-----
Axes           | 2 3 4 |  4.3
Dodging        | 1 |  1.9
Armour         | 2 3 |  3.1
Invocations    | 3 |  3.2
Fighting       | |  3.9
Shields        | |  0.6

Action                   |  1- 3 |  4- 6 |  7- 9 || total
-------------------------+-------+-------+-------++-------
Melee: Hand axe          |   107 |   208 |       ||   315
       Kick              |    14 |    32 |     1 ||    47
       War axe           |       |     2 |     7 ||     9
Invok: Depart the Abyss  |     1 |       |       ||     1
  Use: Scroll            |     6 |     6 |       ||    12
       Potion            |     1 |       |     1 ||     2
  Eat: Chunk             |     1 |     8 |       ||     9
Armor: Leather armour    |    20 |       |       ||    20
       Ring mail         |    62 |   116 |     6 ||   184
Dodge: Dodged            |    57 |    85 |     7 ||   149
Block: Buckler           |       |    25 |     2 ||    27

Table legend:
 A = Non-vault XP
 B = Vault XP
 C = Vault XP percentage of total XP
 D = Non-vault monster count
 E = Vault monster count
 F = Vault count percentage of total count
                 A         B        C        D         E       F
            +---------+---------+-------+---------+---------+-------
      Total |     433 |     338 |  43.8 |      72 |      40 |  35.7
            +---------+---------+-------+---------+---------+-------
        D:1 |      55 |       0 |   0.0 |      29 |       0 |   0.0
        D:2 |      58 |      38 |  39.6 |      18 |      13 |  41.9
        D:3 |      86 |      53 |  38.1 |      15 |       7 |  31.8
        D:4 |     136 |       0 |   0.0 |       5 |       0 |   0.0
        D:5 |      98 |       0 |   0.0 |       5 |       0 |   0.0
      Sewer |       0 |     247 | 100.0 |       0 |      20 | 100.0
            +---------+---------+-------+---------+---------+-------
